 Dungeon Crawl Stone Soup version 0.28-a0-1143-gcf6077d4cc (webtiles) character file.

Game seed: 8528286612562419118

65 spaghetti the Covert (level 3, 17/17 HPs)
             Began as a Felid Delver on Dec 14, 2021.
             Quit the game on level 5 of the Dungeon.
             The game lasted 00:03:32 (1006 turns).

spaghetti the Covert (Felid Delver)                 Turns: 1006, Time: 00:03:33

Health: 17/17      AC:  1    Str:  8    XL:     3   Next: 94%
Magic:  4/4        EV: 17    Int: 17    God:
Gold:   30         SH:  0    Dex: 17    Spells: 2/2 levels left
                                        Lives:  0   Deaths: 1

rFire   . . .      SeeInvis +     - Unarmed
rCold   . . .      Faith    .   (shield unavailable)
rNeg    . . .      Spirit   .   (armour unavailable)
rPois   .          Reflect  .   (helmet unavailable)
rElec   .          Harm     .   (cloak unavailable)
rCorr   +          Rampage  .   (gloves unavailable)
Will    .....                   (boots unavailable)
Stlth   ++++......              f - amulet "Sapreuv" {Regen+ rCorr Int+4}
HPRegen 0.85/turn               (no ring)
MPRegen 0.09/turn               (no ring)

@: quick
A: very small, claws 1, fangs 3, see invisible, speed 1, shaggy fur 1, stealthy
paws, no weapons or thrown items, no armour, multi-lived
a: no special abilities


You were on level 5 of the Dungeon.
You visited 1 branch of the dungeon, and saw 3 of its levels.

You collected 30 gold pieces.


Innate Abilities, Weirdness & Mutations

You have sharp claws.
You have razor-sharp teeth.
You have supernaturally acute eyesight. (SInv)
You cover ground quickly. (Speed+)
You are covered in fur. (AC +1)
Your paws help you pounce on unaware monsters.
You are incapable of wielding weapons or throwing items.
You cannot wear armour.
You gain extra lives every three experience levels.


   Skills:
 - Level 3.0 Fighting
 - Level 2.6 Dodging
 + Level 9.6 Stealth
 + Level 2.0 Unarmed Combat


You had 2 spell levels left.
You didn't know any spells.
Your spell library was empty.

Inventory:

Jewellery
 f - the amulet "Sapreuv" (around neck) {Regen+ rCorr Int+4}
   (You acquired it on level 5 of the Dungeon)

   [amulet of regeneration]

   Int:       It affects your intelligence (+4).
   Regen:     It increases your rate of health regeneration.
   rCorr:     It protects you from acid and corrosion.
 g - an amulet of faith {!P}
   (You found it on level 6 of the Dungeon)
Wands
 e - a wand of digging (3)
Scrolls
 a - a scroll of fog
 b - a scroll of magic mapping {!r}

Dungeon Overview and Level Annotations

Branches:
Dungeon (7/15)
 Temple: D:4-7

Altars:

Annotations:
D:6 exclusion: orc wizard

##...........#
##........#.#
##.....###.##
####### ##.#
#.# ######.#
#......##
##..##...#
##8@.8#...#
##...รท.....#
#...>......#
#.#8..8#...#
##
##.##..##...#
.###
#...........#
#..###
#...........#
#.#..###
#...........#
.......##
#...........#


There were no monsters in sight!


Message History

๐Ÿ˜ฎ HP[-1]
You take 1 damage, and now have 15/21 hp.
You closely miss the adder.
You feel sick. The adder bites you but does no damage.
You miss the adder. You bite the adder.
You feel sick. The adder misses you. The adder closely misses you.
You barely miss the adder.
You feel sick.
You are no longer poisoned.
The adder misses you.
You closely miss the adder. You bite the adder, but do no damage.
The adder bites you. ๐Ÿ˜ฎ HP[-1]
You take 1 damage, and now have 14/21 hp.
You barely miss the adder. Your bite misses the adder.
The adder closely misses you. ๐Ÿ˜ฎ HP[+1]
You scratch the adder. The adder bites you. The adder completely misses you.
You scratch the adder.
You kill the adder!
You see here an adder corpse. ๐Ÿ˜• HP[+1]
An orc comes into view. It is wielding a +0 mace. ๐Ÿ˜Ž HP[+5]
Your hp is fully restored (21).
The orc hits you with a +0 mace. ๐Ÿ˜• HP[-3]
You take 3 damage, and now have 18/21 hp.
You closely miss the orc.
The orc hits you with a +0 mace. ๐Ÿ˜ฎ HP[-3]
You take 3 damage, and now have 15/21 hp.
You are too injured to fight recklessly!
You are too injured to fight recklessly!
You are too injured to fight recklessly!
You are too injured to fight recklessly!
You are too injured to fight recklessly!
You are too injured to fight recklessly!
You are too injured to fight recklessly!
You are too injured to fight recklessly!
You are too injured to fight recklessly!
You are too injured to fight recklessly!
You are too injured to fight recklessly!
You are too injured to fight recklessly!
You are too injured to fight recklessly!
You are too injured to fight recklessly!
You are too injured to fight recklessly!
You are too injured to fight recklessly!
Unknown command.
You scratch the orc. The orc barely misses you. ๐Ÿ˜• HP[+1]
You scratch the orc. The orc barely misses you. ๐Ÿ˜• HP[+1]
You barely miss the orc. The orc misses you.
You scratch the orc. You bite the orc. The orc barely misses you. ๐Ÿ˜• HP[+1]
You scratch the orc.
You kill the orc! ๐Ÿ˜• HP[+1]
Things that are here:
a +0 mace {mace}; an orc corpse; ๐Ÿ˜• HP[+1]
You start resting. ๐Ÿ˜Ž HP[+1]
Your hp is fully restored (21).
Found a stone staircase leading up.
You see here a +0 hunting sling {sling}.
You see here a +0 dagger {short}.
You see here a +1 mace of protection {mace}.
You see here a +1 mace of protection {mace}.
You see here a +0 dagger {short}.
Found 27 arrows.
Found an escape hatch in the floor.
The orc priest shouts!
You hear a shout!
Found an escape hatch in the ceiling.
The orc wizard casts a spell.
The orc wizard flickers and vanishes for a moment.
You closely miss the orc priest. Your bite misses the orc priest.
The orc priest hits you with a +2 vorpal hand axe!
You are too injured to fight recklessly! ๐Ÿ˜ฎ HP[-9]
You take 9 damage, and now have 12/21 hp.
MASSIVE DAMAGE!! (PAUSE)
Okay, then.
Okay, then.
You feel yourself speed up.
The orc priest hits you with a +2 vorpal hand axe.
* * * LOW HITPOINT WARNING * * *
x2 ๐Ÿ˜จ HP[-4]
You take 4 damage, and now have 8/21 hp.
Unknown command.
You scratch the orc priest but do no damage. ๐Ÿ˜จ HP[+1]
You closely miss the orc priest.
The orc priest mumbles some strange prayers to Beogh against you.
Beogh smites you!
Ouch! That really hurt!
You die...
You are now level 3!
You rejoin the land of the living... ๐Ÿ˜Ž HP[+8] MP[-1]
You now have 17 max hp (-4).
Your hp is fully restored (17).
Unknown command.
Are you sure you want to abandon this character and quit the game? (Confirm with "yes".)

Skill      XL: |  1 |
---------------+----+-----
Stealth        | 9 |  9.6
Fighting       | |  3.0
Dodging        | |  2.6
Unarmed Combat | |  2.0

Action                   |  1- 3 |  4- 6 || total
-------------------------+-------+-------++-------
Melee: Unarmed           |     3 |    53 ||    56
       Punch             |     1 |       ||     1
       Bite              |       |    10 ||    10
  Use: Scroll            |     1 |     4 ||     5
       Potion            |     1 |     1 ||     2
 Stab: Sleeping          |       |     1 ||     1
Armor: Skin              |     1 |     3 ||     4
Dodge: Dodged            |     1 |    39 ||    40

Levels and vault maps discovered:
D:5:      layout_cave_pods, mainiacjoe_overflow_six_doors_small, serial_shops,
          shop, st_stairs_6
D:6:      layout_basic, uniq_crazy_yiuf_cottage
D:7:      layout_rooms, hangedman_decor_peaks_small

Notes
Turn   | Place    | Note
-------+----------+-------------------------------------------
     0 | D:5      | spaghetti the Felid Delver began the quest for the Orb.
     0 | D:5      | Reached XP level 1. HP: 10/10 MP: 2/2
     0 | D:5      | magus.rc [v1.9.6]
     4 | D:5      | Identified a scroll of acquirement
     4 | D:5      | Acquired the amulet "Sapreuv" {Regen+ rCorr Int+4}
    18 | D:5      | Noticed an orc priest
    18 | D:5      | Noticed an orc wizard
   105 | D:6      | Noticed an orc wizard
   233 | D:6      | Noticed a sky beast
   233 | D:6      | Noticed a yak
   234 | D:6      | Noticed a yak
   234 | D:6      | Noticed a yak
   238 | D:6      | Killed a sky beast
   239 | D:6      | Reached skill level 9 in Stealth
   239 | D:6      | Reached XP level 2. HP: 14/14 MP: 3/3
   239 | D:6      | Reached XP level 3. HP: 17/17 MP: 4/4
   239 | D:6      | Reached XP level 4. HP: 21/21 MP: 5/5
   272 | D:7      | Noticed a steam dragon
   273 | D:7      | Noticed a yak
   277 | D:7      | Noticed a phantom
   460 | D:6      | Noticed a scorpion
   495 | D:5      | HP: 4/21 [orc (5)]
  1005 | D:5      | Killed from afar by an orc priest
  1006 | D:5      | Reached XP level 3. HP: -6/17 MP: 4/4
  1006 | D:5      | Quit the game

Vanquished Creatures
  A sky beast (D:6)
  A hound zombie (D:5)
  2 adders (D:5)
  A white imp (D:7)
  2 orcs (D:5)
7 creatures vanquished.

Table legend:
 A = Non-vault XP
 B = Vault XP
 C = Vault XP percentage of total XP
 D = Non-vault monster count
 E = Vault monster count
 F = Vault count percentage of total count
                 A         B        C        D         E       F
            +---------+---------+-------+---------+---------+-------
      Total |     179 |      13 |   6.8 |       6 |       1 |  14.3
            +---------+---------+-------+---------+---------+-------
        D:5 |      42 |      13 |  23.6 |       4 |       1 |  20.0
        D:6 |     127 |       0 |   0.0 |       1 |       0 |   0.0
        D:7 |      10 |       0 |   0.0 |       1 |       0 |   0.0
            +---------+---------+-------+---------+---------+-------

Illustrated notes

Table legend:
 A = Kills in this place as a percentage of kills in entire the game.
 B = Kills by you in this place as a percentage of kills by you in the entire game.
 C = Kills by friends in this place as a percentage of kills by friends in the entire game.
 D = Other kills in this place as a percentage of other kills in the entire game.
 E = Experience gained in this place as a percentage of experience gained in the entire game.
 F = Experience gained in this place divided by the number of levels of this place that you have seen.
                   A       B       C       D       E      F
               +-------+-------+-------+-------+-------+----------------------
         Total | 100.0 | 100.0 |   N/A |   N/A | 100.0 |  64.0
       Dungeon | 100.0 | 100.0 |   N/A |   N/A | 100.0 |  64.0
               +-------+-------+-------+-------+-------+----------------------

Table legend: (Time is in decaauts)
 A = Elapsed time spent in this place.
 B = Non-inter-level travel time spent in this place.
 C = Inter-level travel time spent in this place.
 D = Time resting spent in this place.
 E = Time spent auto-exploring this place.
 F = Levels seen in this place.
 G = Mean time per level.
                   A        B        C        D        E       F      G
               +--------+--------+--------+--------+--------+-----+--------+
         Total |    848 |    848 |      0 |    136 |    496 |   3 |  282.7 |
       Dungeon |    848 |    848 |      0 |    136 |    496 |   3 |  282.7 |
               +--------+--------+--------+--------+--------+-----+--------+

Top non-repeatable levels by time:
     D:5: 454 daAuts
     D:6: 375 daAuts
     D:7: 18 daAuts
